 Dungeon Crawl Stone Soup version 0.19.0-20-gbc5f0c6 (webtiles) character file.

3406 kae the Basher (level 10, -3/70 HPs)
             Began as a Formicid Fighter on Nov 16, 2016.
             Was a Believer of Okawaru.
             Killed by the air
             ... invoked by Gastronok
              (25 damage)
             ... on level 8 of the Dungeon.
             The game lasted 00:08:20 (8720 turns).

kae the Basher (Formicid Fighter)                   Turns: 8720, Time: 00:08:20

Health: -3/70      AC:  9    Str: 29    XL:     10   Next: 24%
Magic:  14/16      EV: 12    Int:  8    God:    Okawaru [**....]
Gold:   351        SH: 12    Dex: 10    Spells: 0 memorised, 9 levels left

rFire  . . .     SeeInvis +     l - +5 whip
rCold  . . .     Gourm    .     b - +1 scale mail
rNeg   . . .     Faith    .     c - +0 shield
rPois  .         Spirit   .     (helmet unavailable)
rElec  .         Reflect  .     (no cloak)
rCorr  .         Harm     .     (no gloves)
MR     +....                    (no boots)
Stlth  ..........               (no amulet)
                                (no ring)
                                t - ring of loudness (curse)

@: mighty, heroism
A: permanent stasis, dig shafts and tunnels, four strong arms, antennae 3
a: Dig, Shaft Self, Heroism, Renounce Religion


You were on level 8 of the Dungeon.
You worshipped Okawaru.
Okawaru was pleased with you.
You were not hungry.

You visited 2 branches of the dungeon, and saw 11 of its levels.

You collected 351 gold pieces.

Inventory:

Hand Weapons
 a - a +0 flail
 l - a +5 whip (weapon)
Armour
 b - a +1 scale mail (worn)
 c - a +0 shield (worn)
Jewellery
 t - a cursed ring of loudness (left hand)
Wands
 q - a wand of polymorph (14/24)
 u - a wand of paralysis (14/24)
Scrolls
 e - 5 scrolls of identify
 i - 3 scrolls of fog
 j - a scroll of recharging
 w - a scroll of fear {unknown}
 y - 2 scrolls of noise {unknown}
 A - 2 scrolls of immolation {unknown}
 C - a scroll of magic mapping {unknown}
Potions
 d - a potion of might
 g - a potion of flight
 m - 2 potions of resistance
 o - 2 potions of lignification
 v - a potion of curing
 x - a potion of mutation {unknown}
Books
 n - a book of Changes

   Spells                             Type                      Level
   a - Beastly Appendage              Transmutation                1
   b - Sticks to Snakes               Transmutation                2
   c - Spider Form                    Transmutation/Poison         3
   d - Ice Form                       Ice/Transmutation            4
   e - Blade Hands                    Transmutation                5
 B - a book of Necromancy

   Spells                             Type                      Level
   a - Pain                           Necromancy                   1
   b - Animate Skeleton               Necromancy                   1
   c - Vampiric Draining              Necromancy                   3
   d - Regeneration                   Charms/Necromancy            3
   e - Animate Dead                   Necromancy                   4
   f - Control Undead                 Necromancy                   4
Comestibles
 f - 7 bread rations
 h - 4 beef jerkies
 k - a meat ration
 p - 3 fruits
 r - 2 chunks of flesh
 s - a royal jelly
 z - a slice of pizza


   Skills:
 - Level 3.2(8.2) Fighting
 + Level 11.8(16.8) Maces & Flails
 - Level 3.2(8.2) Armour
 - Level 3.6(8.6) Shields
 + Level 8.6 Invocations


You had 9 spell levels left.
You didn't know any spells.

Dungeon Overview and Level Annotations

Branches:
Dungeon (10/15)            Temple (1/1) D:5
   Lair: D:8-11         Orc: D:9-12

Altars:
Gozag
Okawaru
Qazlal
Sif Muna
Trog
Zin

Shops:
D:5 [   D:6 [

Annotations:
D:7 1 runed door
D:8 Gastronok


Innate Abilities, Weirdness & Mutations

You are under a permanent stasis effect.
You can dig through walls and to a lower floor.
Your four strong arms can wield two-handed weapons with a shield.
You have a pair of large antennae on your head. (SInv)


Message History

Gastronok bites you!!
Ouch! That really hurt!
You thrash Gastronok!!
Gastronok is heavily wounded.
You whack Gastronok!
Gastronok is heavily wounded.
You thrash Gastronok!!
Gastronok is heavily wounded.
You hit Gastronok.
Gastronok is severely wounded.
Gastronok bites you.
You hit Gastronok.
Gastronok is severely wounded.
You whack Gastronok!
Gastronok is severely wounded.
You hit Gastronok.
Gastronok is severely wounded.
Gastronok waves his eye-stalks in wide circles.
The air twists around and strikes you!
You die...

.......#########.#
######...##......# #
###..#......# { #
##........# #
##.......#
############†.#.##
..##.......#.....#
#.##.......#>##.w#
#..........#.###@#
###..............#
##.......######....#
#.......# #.#.#
#.......# ...
#.......### ..#
#.........# >.#
#########.# .+ ###
.#


You could see Gastronok.

Vanquished Creatures
  Pikel (D:6)
  A troll (D:10)
  The ghost of TheWoodenMan the Bolt Thrower, an amateur FoHu (D:3)
  Menkaure (D:5)
  Duvessa (D:7)
  An ice beast (D:9)
  An orc warrior (D:7)
  3 sky beasts
  A slave (D:6)
  4 ogres
  A phantom (D:7)
  A centaur (D:9)
  2 bullfrogs
  Dowan (D:7)
  3 scorpions
  2 howler monkeys
  A crimson imp (D:5)
  4 hounds
  3 orc priests
  A centaur zombie (D:10)
  2 bullfrog skeletons
  4 orc wizards
  A centaur skeleton (D:5)
  2 iguanas
  4 worker ants
  A hound zombie (D:6)
  A howler monkey zombie (D:7)
  Robin (D:2)
  A worker ant zombie (D:5)
  2 adders
  11 gnolls
  A howler monkey skeleton (D:4)
  2 shadow imps
  3 oozes
  An adder skeleton (D:6)
  2 worms
  8 dart slugs
  4 leopard geckos
  29 orcs
  6 bats
  8 giant cockroaches
  10 hobgoblins
  12 jackals
  4 quokkas
  6 frilled lizards
  14 goblins
  5 kobolds
  A leopard gecko zombie (D:4)
  A quokka skeleton (D:5)
  7 rats
188 creatures vanquished.

Vanquished Creatures (others)
  A black bear (D:6)
  A phantom (D:6)
  2 slaves (D:6)
  A necrophage (D:6)
  A jelly (D:6)
  2 worker ants (D:6)
  An adder (D:6)
  An orc (D:6)
10 creatures vanquished.

Grand Total: 198 creatures vanquished

Notes
Turn   | Place    | Note
-------+----------+-------------------------------------------
     0 | D:1      | kae the Formicid Fighter began the quest for the Orb.
     0 | D:1      | Reached XP level 1. HP: 18/18 MP: 1/1
   146 | D:1      | Reached XP level 2. HP: 24/24 MP: 2/2
   171 | D:1      | Reached skill level 3 in Maces & Flails
   400 | D:1      | Reached XP level 3. HP: 28/29 MP: 3/3
   769 | D:1      | Reached skill level 4 in Maces & Flails
   769 | D:1      | Reached XP level 4. HP: 33/35 MP: 4/4
  1013 | D:2      | Noticed Robin
  1029 | D:2      | Killed Robin
  1376 | D:2      | Reached XP level 5. HP: 40/41 MP: 5/5
  1753 | D:3      | Reached skill level 5 in Maces & Flails
  1876 | D:3      | Noticed TheWoodenMan's ghost (amateur FoHu)
  1901 | D:3      | Killed TheWoodenMan's ghost
  1901 | D:3      | Reached skill level 6 in Maces & Flails
  1901 | D:3      | Reached XP level 6. HP: 11/47 MP: 6/6
  2426 | D:3      | Found a stormy altar of Qazlal.
  2734 | D:3      | Found a deep blue altar of Sif Muna.
  3036 | D:4      | Reached XP level 7. HP: 52/52 MP: 7/7
  3293 | D:4      | Reached skill level 7 in Maces & Flails
  4248 | D:5      | Entered Level 5 of the Dungeon
  4251 | D:5      | Noticed Menkaure
  4260 | D:5      | Killed Menkaure
  4260 | D:5      | Reached skill level 8 in Maces & Flails
  4426 | D:5      | Reached XP level 8. HP: 47/58 MP: 8/8
  4499 | D:5      | Found Birien's Armour Boutique.
  4697 | D:5      | Reached skill level 9 in Maces & Flails
  4972 | D:5      | Found a staircase to the Ecumenical Temple.
  4996 | Temple   | Entered the Ecumenical Temple
  5001 | Temple   | Became a worshipper of Warmaster Okawaru
  5107 | D:5      | Reached skill level 10 in Maces & Flails
  5107 | D:5      | Reached skill level 1 in Invocations
  5662 | D:5      | Reached XP level 9. HP: 61/64 MP: 11/11
  5995 | D:6      | Noticed Pikel
  6031 | D:6      | Killed Pikel
  6031 | D:6      | Reached * piety under Okawaru
  6031 | D:6      | Reached skill level 5 in Invocations
  6641 | D:6      | Found Quemoum's Antique Armour Boutique.
  6756 | D:6      | Found a bloodstained altar of Trog.
  6851 | D:6      | Found an opulent altar of Gozag.
  7220 | D:7      | Reached skill level 11 in Maces & Flails
  7352 | D:7      | Noticed Dowan
  7355 | D:7      | Noticed Duvessa
  7378 | D:7      | Killed Duvessa
  7383 | D:7      | Killed Dowan
  7383 | D:7      | Reached ** piety under Okawaru
  7667 | D:7      | Found a runed door.
  7871 | D:7      | Found a glowing silver altar of Zin.
  7931 | D:7      | You fall through a shaft for 3 floors!
  7931 | D:10     | Entered Level 10 of the Dungeon
  7945 | D:10     | Noticed a troll
  7967 | D:10     | HP: 3/64 [troll (5)]
  7970 | D:10     | Killed a troll
  7970 | D:10     | Reached XP level 10. HP: 9/70 MP: 15/15
  8705 | D:8      | Noticed Gastronok
  8720 | D:8      | Killed from afar by Gastronok

Skill      XL: |  1  2  3  4  5  6  7  8  9 10 |
---------------+-------------------------------+-----
Maces & Flails | 3 4 6 8 10 11 | 11.8
Invocations    | 2 7 8 |  8.6
Fighting       | |  3.2
Armour         | |  3.2
Shields        | |  3.6

Action                   |  1- 3 |  4- 6 |  7- 9 | 10-12 || total
-------------------------+-------+-------+-------+-------++-------
Melee: Flail             |   117 |    11 |       |       ||   128
       Whip              |       |   190 |   500 |   109 ||   799
Invok: Heroism           |       |       |       |     2 ||     2
 Abil: Dig               |       |     1 |     3 |     3 ||     7
  Use: Potion            |       |     2 |     1 |     1 ||     4
       Scroll            |       |     7 |     3 |       ||    10
  Eat: Chunk             |       |     8 |    15 |     4 ||    27
Armor: Scale mail        |    92 |    50 |    84 |    22 ||   248
       Skin              |       |     3 |       |       ||     3
Dodge: Dodged            |    40 |    46 |    84 |    16 ||   186
Block: Shield            |    83 |    85 |   135 |    25 ||   328
